 Dungeon Crawl Stone Soup version 0.24-a0-779-g36f0aeb843 (webtiles) character file.

Game seed: 5851435344238829680, levelgen mode: deterministic

82 Arixos the Sneak (level 4, 0/25 HPs)
             Began as a Vampire Enchanter on Oct 8, 2019.
             Slain by an orc wizard
             ... wielding a +0 hand axe
              (4 damage)
             ... on level 3 of the Dungeon.
             The game lasted 00:07:44 (1864 turns).

Arixos the Sneak (Vampire Enchanter)                Turns: 1864, Time: 00:07:45

Health: 0/25       AC:  2    Str:  5 (7)  XL:     4   Next: 21%
Magic:  0/7        EV: 13    Int: 15 (17) God:
Gold:   62         SH:  0    Dex: 13 (15) Spells: 4/7 levels left

rFire    . . .     SeeInvis +   a - +1 dagger
rCold    + + .     Gourm    .   (no shield)
rNeg     + + +     Faith    .   b - +0 robe
rPois    ∞         Spirit   +   (no helmet)
rElec    .         Reflect  .   (no cloak)
rCorr    .         Harm     .   (no gloves)
MR       .....                  (no boots)
Stlth    +++++.....             g - amulet of guardian spirit
HPRegen  0.00/turn              (no ring)
MPRegen  0.10/turn              (no ring)

@: bloodless, regenerating quickly
A: no food, fangs 3, see invisible, unbreathing
a: Bat Form, Revivify


You were on level 3 of the Dungeon.
You were bloodless.

You visited 1 branch of the dungeon, and saw 4 of its levels.

You collected 62 gold pieces.

Inventory:

Hand Weapons
 a - a +1 dagger (weapon)
Armour
 b - a +0 robe (worn)
Jewellery
 g - an amulet of guardian spirit (around neck)
Scrolls
 e - 2 scrolls of identify {unknown}
 j - 2 scrolls of enchant armour {unknown}
Potions
 c - a potion of lignification {unknown}
 d - a potion of magic {unknown}
 f - a potion of flight {unknown}
 h - a potion of mutation {unknown}
 i - a potion of might {unknown}


   Skills:
 * Level 1.3 Fighting
 + Level 1.7 Short Blades
 + Level 2.4 Dodging
 + Level 5.9 Stealth
 + Level 2.2 Spellcasting
 + Level 5.0 Hexes
 + Level 0.1 Ice Magic


You had 4 spell levels left.
You knew the following spells:

 Your Spells              Type           Power        Failure   Level  Hunger
a - Ensorcelled Hibernat  Hex/Ice        #.....       12%         2    N/A
b - Corona                Hex            ###....      2%          1    N/A

Your spell library contained the following spells:

 Spells                   Type           Power        Failure   Level  Hunger
 Confuse                  Hex            ###.....     9%          3    N/A
 Tukima's Dance           Hex            ###.....     9%          3    N/A
 Dazzling Spray           Conj/Hex       #.....       24%         3    N/A

Dungeon Overview and Level Annotations

Branches:
Dungeon (4/15)
 Temple: D:4-7

Altars:
Yredelemnul

Shops:
D:4 :


Innate Abilities, Weirdness & Mutations

You do not eat.
You do not regenerate when monsters are visible.
You are frail without blood (-20% HP).
You are immune to poison.
You have razor-sharp teeth.
You have supernaturally acute eyesight. (SInv)
You can survive without breathing.


Message History

The orc wizard hits you with a +0 hand axe.
You hit the orc wizard but do no damage.
The orc wizard is moderately wounded.
You hit the orc wizard but do no damage.
The orc wizard is moderately wounded.
The orc wizard barely misses you.
You hit the orc wizard.
The orc wizard is moderately wounded.
The orc wizard completely misses you.
You closely miss the orc wizard.
The orc wizard is moderately wounded.
The orc wizard hits you with a +0 hand axe.
* * * LOW HITPOINT WARNING * * *
You hit the orc wizard but do no damage.
The orc wizard is moderately wounded.
The orc wizard barely misses you.
You closely miss the orc wizard.
The orc wizard is moderately wounded.
The orc wizard hits you with a +0 hand axe.
You die...

#....# #...........o
#.####.##..)#)##.####
# ##......##...#.#
###..#######...#.# #.
....## #...#.# #.#
##### #...#)# # #.# #
#...#.# .# #.# #
#...#o##.####.### #
#...#@...#....... #
#..###....#### #
#............# #
#....#....##.# #
#....#...†##.# #
........#....##.# #
####....#....##.# #
#.#.########.# #
#.#.# #.#


You could see an orc wizard.

Vanquished Creatures
  2 adders (D:2)
  3 dart slugs (D:1)
  A leopard gecko (D:1)
  4 orcs (D:3)
  3 bats (D:1)
  4 giant cockroaches (D:1)
  4 goblins (D:1)
  5 hobgoblins
  8 jackals (D:1)
  A ball python (D:1)
  2 frilled lizards (D:1)
  6 kobolds (D:1)
  7 rats
50 creatures vanquished.

Notes
Turn   | Place    | Note
-------+----------+-------------------------------------------
     0 | D:1      | Arixos the Vampire Enchanter began the quest for the Orb.
     0 | D:1      | Reached XP level 1. HP: 13/13 MP: 3/3
    14 | D:1      | Noticed a minotaur zombie
    15 | D:1      | Noticed a merfolk zombie
    23 | D:1      | Noticed a minotaur zombie
    25 | D:1      | Noticed a merfolk zombie
   188 | D:1      | Reached XP level 2. HP: 15/16 MP: 3/5
   192 | D:1      | Learned a level 2 spell: Ensorcelled Hibernation
   549 | D:1      | Reached skill level 1 in Fighting
   667 | D:1      | Reached XP level 3. HP: 19/20 MP: 3/6
   671 | D:1      | Reached skill level 5 in Stealth
  1496 | D:2      | Reached XP level 4. HP: 25/25 MP: 1/7
  1584 | D:2      | You fall into a shaft and drop 2 floors!
  1603 | D:4      | Found Burgho's Book Shoppe.
  1624 | D:3      | Found a basalt altar of Yredelemnul.
  1825 | D:3      | Reached skill level 5 in Hexes
  1864 | D:3      | Slain by an orc wizard

Levels and vault maps discovered:
D:1:      shiori_arrival_whats_in_store_for_you, layout_basic
D:2:      layout_loops_ring, grunt_ministairs_13
D:3:      layout_basic, nicolae_overflow_crystal_walls, first_ration
D:4:      layout_cave_pools, serial_shops, shop

Skill      XL: |  1  2  3  4 |
---------------+-------------+-----
Fighting       | 1 |  1.3
Stealth        | 5 |  5.9
Hexes          | 5 |  5.0
Short Blades   | |  1.7
Dodging        | |  2.4
Spellcasting   | |  2.2
Ice Magic      | |  0.1

Action                   |  1- 3 |  4- 6 || total
-------------------------+-------+-------++-------
Melee: Dagger            |   111 |    19 ||   130
       Bite              |     8 |     1 ||     9
 Cast: Corona            |     5 |       ||     5
       Ensorcelled Hiber |    14 |     8 ||    22
 Abil: Exsanguinate      |     1 |       ||     1
       End Transformatio |       |     1 ||     1
       Bat Form          |       |     1 ||     1
 Stab: Sleeping          |    27 |     5 ||    32
Armor: Robe              |    17 |       ||    17
Dodge: Dodged            |    52 |    11 ||    63

Table legend:
 A = Non-vault XP
 B = Vault XP
 C = Vault XP percentage of total XP
 D = Non-vault monster count
 E = Vault monster count
 F = Vault count percentage of total count
                 A         B        C        D         E       F
            +---------+---------+-------+---------+---------+-------
      Total |     118 |       0 |   0.0 |      50 |       0 |   0.0
            +---------+---------+-------+---------+---------+-------
        D:1 |      75 |       0 |   0.0 |      40 |       0 |   0.0
        D:2 |      30 |       0 |   0.0 |       5 |       0 |   0.0
        D:3 |      13 |       0 |   0.0 |       5 |       0 |   0.0
            +---------+---------+-------+---------+---------+-------
